 Dungeon Crawl Stone Soup version 0.16.2-2-g470672f (webtiles) character file.

3087 dvd the Blocker (level 9, -9/79 HPs)
             Began as a Minotaur Fighter on Aug 28, 2015.
             Was a Priest of Okawaru.
             Mangled by a very large slime creature (56 damage)
             ... on level 8 of the Dungeon.
             The game lasted 01:15:44 (7524 turns).

dvd the Blocker (Minotaur Fighter)                  Turns: 7524, Time: 01:15:44

Health: -9/79      AC: 19    Str: 23    XL:     9   Next: 59%
Magic:  14/15      EV: 11    Int:  5    God:    Okawaru [***...]
Gold:   272        SH: 13    Dex: 11    Spells: 0 memorised, 8 levels left

rFire  . . .     SeeInvis .     D - +0 mace
rCold  . . .     Clarity  .     J - +0 chain mail
rNeg   . . .     SustAb   .     c - +0 shield
rPois  .         Gourm    .     b - +2 hat
rElec  .         Spirit   .     s - +2 cloak {+Inv}
rCorr  .         Warding  .     I - +0 pair of gloves
rMut   .         Stasis   .     (no boots)
MR     .....                    (no amulet)
Stlth  ..........               y - ring of magical power
                                A - ring of flight

@: heroism, not resistant to hostile enchantments, extremely unstealthy
A: retaliatory headbutt, horns 2
a: Heroism, Renounce Religion, Evoke Invisibility, Evoke Flight


You were on level 8 of the Dungeon.
You worshipped Okawaru.
Okawaru was most pleased with you.
You were not hungry.

You visited 2 branches of the dungeon, and saw 9 of its levels.

You collected 499 gold pieces.
You spent 227 gold pieces at shops.

Inventory:

Hand weapons
 a - a +0 flail
 l - a +0 dire flail
 D - a +0 mace (weapon)
 E - a +0 morningstar
Missiles
 h - 4 tomahawks of returning (quivered)
 m - 3 tomahawks
 B - 3 throwing nets
Armour
 b - a +2 hat (worn)
 c - a +0 shield (worn)
 s - a +2 cloak of invisibility (worn)
 u - a +0 scale mail
 I - a +0 pair of gloves (worn)
 J - a +0 chain mail (worn)
Jewellery
 e - an uncursed ring of invisibility
 w - an uncursed ring of wizardry
 y - a ring of magical power (right hand)
 A - a ring of flight (left hand)
Magical devices
 i - a wand of polymorph (2)
 j - a wand of confusion (16)
Scrolls
 k - 5 scrolls of identify
 r - 3 scrolls of remove curse
 v - a scroll of amnesia
 H - a scroll of holy word {unknown}
Potions
 f - 7 potions of curing
 n - a potion of haste
 p - 3 potions of heal wounds
 t - a potion of beneficial mutation {unknown}
 z - 2 potions of invisibility
Books
 q - a book of Air

   Spells                             Type                      Level
   a - Shock                          Conjuration/Air              1
   b - Swiftness                      Charms/Air                   2
   c - Repel Missiles                 Charms/Air                   2
   d - Flight                         Charms/Air                   3
   e - Static Discharge               Conjuration/Air              3
   f - Lightning Bolt                 Conjuration/Air              5
Comestibles
 d - 7 bread rations
 g - 5 meat rations
 o - 7 beef jerkies
 x - 4 fruits
 C - a slice of pizza


   Skills:
 + Level 7.0(12.0) Fighting
 + Level 7.9(12.9) Maces & Flails
 + Level 5.6(10.6) Throwing
 + Level 7.5(12.5) Armour
 + Level 3.5(8.5) Dodging
 + Level 0.5(5.5) Stealth
 + Level 8.0(13.0) Shields
 + Level 1.5 Invocations


You had 8 spell levels left.
You didn't know any spells.

Dungeon Overview and Level Annotations

Branches:
Dungeon (8/15)             Temple (1/1) D:6
   Lair: D:8-11

Altars:
Dithmenos
Elyvilon
Fedhas
Gozag
Kikubaaqudgha
Makhleb
Nemelex Xobeh
Okawaru
Qazlal
Sif Muna
Trog
Vehumet
Xom
Yredelemnul
The Shining One
Beogh

Shops:
D:5 **%[

Annotations:
D:6 exclusion: oklob plant


Innate Abilities, Weirdness & Mutations

You reflexively headbutt those who attack you in melee.
You have a pair of horns on your head.


Message History

The very large slime creature is moderately wounded.
The very large slime creature hits you!
You hit the very large slime creature but do no damage.
The very large slime creature is moderately wounded.
You block the very large slime creature's attack.
You sock the very large slime creature!
You headbutt the very large slime creature!
The very large slime creature is heavily wounded.
You hit the very large slime creature.
You headbutt the very large slime creature!
The very large slime creature is heavily wounded.
You sock the very large slime creature!
You headbutt the very large slime creature!
The very large slime creature is severely wounded.
You sock the very large slime creature!
You headbutt the very large slime creature!
The very large slime creature is severely wounded.
The very large slime creature hits you!!!
Ouch! That really hurt!
You die...

.## ##.#
#..#
###.####
#......#
#.####.#
#.# #.#
###.####.##
#.........#
#@###.###.#
#J# #.# .#
#.# #'# ..
..J..###_+
...
....###+#
... ..#.#
...# ...# .
##... ...


You could see a very large slime creature.

Vanquished Creatures
  Prince Ribbit (D:4)
  Edmund (D:4)
  3 orc warriors
  An ice beast (D:5)
  A phantom (D:5)
  3 ogres
  A sky beast (D:7)
  The ghost of dvd the Covered, an average MiFi (D:4)
  5 centaurs
  A big kobold (D:7)
  The ghost of Thomus the Magician, an average DEWz (D:3)
  2 scorpions
  3 crimson imps
  A giant frog zombie (D:7)
  A goliath beetle (D:5)
  A centaur skeleton (D:6)
  6 hounds
  7 orc wizards
  2 orc priests
  Natasha (D:3)
  A killer bee zombie (D:6)
  3 iguanas
  5 worker ants
  A worker ant zombie (D:6)
  8 gnolls
  7 adders
  A giant mite (D:4)
  2 worms
  An adder skeleton (D:7)
  2 adder zombies (D:6)
  35 orcs
  5 ball pythons
  4 bats
  A bat zombie (D:6)
  7 giant cockroaches
  11 goblins
  15 hobgoblins
  An ooze (D:1)
  3 quokkas
  7 giant geckos
  6 giant newts
  15 kobolds
  2 quokka skeletons (D:5)
  8 rats
  4 plants
198 creatures vanquished.

Vanquished Creatures (others)
  12 toadstools (D:6)
12 creatures vanquished.

Grand Total: 210 creatures vanquished

Notes
Turn   | Place    | Note
--------------------------------------------------------------
     0 | D:1      | dvd, the Minotaur Fighter, began the quest for the Orb.
     0 | D:1      | Reached XP level 1. HP: 19/19 MP: 1/1
   361 | D:1      | Reached XP level 2. HP: 27/27 MP: 1/1
   531 | D:1      | Reached skill level 4 in Shields
   952 | D:2      | Reached XP level 3. HP: 29/33 MP: 2/2
   964 | D:2      | Reached skill level 1 in Throwing
  1061 | D:2      | Reached XP level 4. HP: 40/40 MP: 2/2
  1068 | D:2      | Found a white marble altar of Elyvilon.
  1337 | D:2      | Found a shadowy altar of Dithmenos.
  1609 | D:2      | Found an iron altar of Okawaru.
  1618 | D:2      | Became a worshipper of Warmaster Okawaru
  1863 | D:3      | Reached skill level 1 in Dodging
  1884 | D:3      | Reached XP level 5. HP: 28/46 MP: 2/2
  2038 | D:3      | Noticed Thomus' ghost (average DEWz)
  2044 | D:3      | Killed Thomus' ghost
  2044 | D:3      | Reached skill level 5 in Shields
  2227 | D:3      | Noticed Natasha
  2234 | D:3      | Killed Natasha
  2349 | D:3      | Acquired Okawaru's first power
  2538 | D:3      | Reached XP level 6. HP: 53/53 MP: 3/3
  2731 | D:4      | Noticed dvd's ghost (average MiFi)
  2746 | D:4      | Killed dvd's ghost
  2843 | D:4      | Noticed Prince Ribbit
  2851 | D:4      | Killed Prince Ribbit
  2851 | D:4      | Reached skill level 5 in Armour
  2851 | D:4      | Reached XP level 7. HP: 57/60 MP: 3/3
  3011 | D:4      | Noticed Edmund
  3053 | D:4      | Killed Edmund
  3053 | D:4      | Reached skill level 5 in Fighting
  3163 | D:4      | Reached skill level 5 in Maces & Flails
  3163 | D:4      | Reached skill level 1 in Invocations
  3377 | D:5      | Entered Level 5 of the Dungeon
  3377 | D:5      | Found a runed door.
  3443 | D:5      | Reached XP level 8. HP: 45/68 MP: 4/4
  3694 | D:5      | Reached skill level 6 in Shields
  3737 | D:5      | Found a roughly hewn altar of Beogh.
  3941 | D:5      | Found a burning altar of Makhleb.
  4294 | D:5      | Found an ancient bone altar of Kikubaaqudgha.
  4607 | D:5      | Reached skill level 7 in Maces & Flails
  4609 | D:5      | Reached skill level 5 in Throwing
  4838 | D:5      | Found Otaweposch's Assorted Antiques.
  4844 | D:5      | Bought an embroidered cloak for 99 gold pieces
  4992 | D:5      | Found Gozag's Platinum Reserve.
  4994 | D:5      | Found an opulent altar of Gozag.
  4995 | D:5      | Found Lirghif's Antique Armour Shoppe.
  5010 | D:5      | Bought a glowing hat for 128 gold pieces
  5143 | D:5      | Found Wuob's Food Emporium.
  5426 | D:6      | Reached XP level 9. HP: 69/77 MP: 5/5
  5698 | D:6      | Found a staircase to the Ecumenical Temple.
  5706 | Temple   | Entered the Ecumenical Temple
  5716 | D:6      | Found a blossoming altar of Fedhas.
  5951 | D:6      | Noticed an oklob plant
  7093 | D:7      | Reached skill level 8 in Shields
  7502 | D:8      | Found a sparkling altar of Nemelex Xobeh.
  7524 | D:8      | Mangled by a very large slime creature

Action                   |  1- 3 |  4- 6 |  7- 9 || total
-------------------------+-------+-------+-------++-------
Melee: Flail             |    72 |   123 |       ||   195
       Mace              |       |    28 |   236 ||   264
       Unarmed           |       |       |     6 ||     6
       Morningstar       |       |       |   171 ||   171
Throw: Tomahawk          |    23 |    62 |    50 ||   135
Invok: Heroism           |       |     1 |     5 ||     6
  Use: Potion            |       |     1 |     4 ||     5
       Scroll            |       |       |    14 ||    14
  Eat: Chunk             |       |     5 |     7 ||    12
       Fruit             |       |     1 |       ||     1
       Meat ration       |       |       |     2 ||     2
       Beef jerky        |       |       |     1 ||     1
